 Dungeon Crawl Stone Soup version 0.17-a0-1110-g19bd574 (console) character file.

2017 Monkaria the Carver (level 9, 0/65 HPs)
             Began as a Demonspawn Chaos Knight on May 22, 2015.
             Slain by an orc warrior
             ... wielding a +0 trident
              (14 damage)
             ... on level 6 of the Dungeon.
             The game lasted 00:21:03 (6200 turns).

Monkaria the Carver (Demonspawn Chaos Knight)       Turns: 6200, Time: 00:21:03

Health: 0/65       AC:  7    Str: 20    XL:     9   Next: 3%
Magic:  9/9        EV: 14    Int: 23    God:    Xom [.*....]
Gold:   133        SH:  7    Dex: 17    Spells: 0 memorised, 8 levels left

rFire  + + +     SeeInvis .     a - +0 falchion (chaos)
rCold  + + .     Clarity  .     b - +2 leather armour
rNeg   . . .     SustAt   .     H - +2 buckler "Porghui Rupo" {*Contam rF++ Dex+4}
rPois  +         Gourm    .     (no helmet)
rElec  +         Spirit   .     j - +0 cloak
rCorr  +         Warding  .     (no gloves)
rMut   .         Stasis   .     t - +0 pair of boots
MR     .....                    (no amulet)
Stlth  +.........               G - ring "Yfostaz" {rF+ Int+4 Slay+3}
                                M - ring of poison resistance

@: mighty, brilliant, resistant, not resistant to hostile enchantments, very
unstealthy
A: talons 1, repulsion field 2, cold resistance 1, freezing cloud immunity
a: Renounce Religion


You were on level 6 of the Dungeon.
You worshipped Xom.
You were a plaything of Xom.
You were hungry.

You visited 2 branches of the dungeon, and saw 8 of its levels.

You collected 340 gold pieces.
You spent 207 gold pieces at shops.

Inventory:

Hand weapons
 a - a +0 falchion of chaos (weapon)
 S - a +0 blowgun
 U - a cursed +0 scimitar
Missiles
 K - 20 tomahawks (quivered)
 T - 9 poisoned needles
Armour
 b - a +2 leather armour (worn)
 j - a +0 cloak (worn)
 s - a +1 chain mail of positive energy
 t - a +0 pair of boots (worn)
 H - the +2 buckler "Porghui Rupo" (worn) {*Contam rF++ Dex+4}
   (Xom gifted it to you on level 6 of the Dungeon)

   It affects your dexterity (+4).
   It greatly protects you from fire.
   It causes magical contamination when unequipped.
Rods
 O - a +4 rod of the swarm (9/9)
   (Xom gifted it to you in the Ecumenical Temple)
Jewellery
 v - an uncursed ring of wizardry
 F - an uncursed ring of magical power
 G - the ring "Yfostaz" (right hand) {rF+ Int+4 Slay+3}
   (Xom gifted it to you on level 4 of the Dungeon)

   [ring of protection from fire]

   It affects your intelligence (+4).
   It affects your accuracy and damage with ranged weapons and melee attacks
   (+3).
   It protects you from fire.
 M - a ring of poison resistance (left hand)
Magical devices
 m - a wand of slowing (19)
 p - a wand of polymorph (11)
 r - a wand of slowing (27)
 I - a wand of frost (19)
 J - a wand of draining (9)
 L - a wand of fire (3)
 P - a wand of fire (9)
Scrolls
 e - a scroll of enchant weapon {unknown}
 f - a scroll of fog {unknown}
 g - 3 scrolls of teleportation
 h - 2 scrolls of remove curse
 o - 2 scrolls of enchant armour {unknown}
 q - a scroll of recharging {unknown}
 x - a scroll of immolation {unknown}
 y - 2 scrolls of magic mapping {unknown}
 z - 2 scrolls of blinking {unknown}
 N - a scroll of amnesia {unknown}
Potions
 d - 2 potions of haste
 i - a potion of curing
 k - 2 potions of magic
 l - a potion of lignification
 w - 2 potions of mutation
 C - a potion of cure mutation
 E - 2 potions of berserk rage
Books
 Q - a book of the Earth

   Spells                             Type                      Level
   a - Leda's Liquefaction            Hexes/Earth                  4
   b - Bolt of Magma                  Conjuration/Fire/Earth       5
   c - Statue Form                    Transmutation/Earth          6
   d - Iron Shot                      Conjuration/Earth            6
   e - Shatter                        Earth                        9
Comestibles
 c - 3 bread rations
 n - a beef jerky
 u - 4 fruits
 B - 4 meat rations
 V - a chunk of flesh


   Skills:
 - Level 4.1 Fighting
 - Level 10.0 Long Blades
 - Level 3.1 Armour
 - Level 0.8 Dodging
 + Level 2.6 Shields


You had 8 spell levels left.
You didn't know any spells.

Dungeon Overview and Level Annotations

Branches:
Dungeon (7/15)             Temple (1/1) D:5

Altars:
Ashenzari
Cheibriados
Dithmenos
Elyvilon
Fedhas
Gozag
Kikubaaqudgha
Makhleb
Nemelex Xobeh
Okawaru
Qazlal
Ru
Sif Muna
Vehumet
Xom
Yredelemnul
Zin
The Shining One

Shops:
D:5 (*}!


Innate Abilities, Weirdness & Mutations

You have sharp toenails.
You are surrounded by a moderate repulsion field (EV +3).
Your flesh is cold resistant.
You are immune to freezing clouds.


Message History

It was a potion of magic.
Magic courses through your body. The orc warrior barely misses you.
Drink which item? (? for menu, Esc to quit)
It was a potion of cure mutation.
It has a very clean taste.
You block the orc warrior's attack.
Drink which item? (? for menu, Esc to quit)
It was a potion of might.
You feel very mighty all of a sudden.
Drink which item? (? for menu, Esc to quit)
You feel better. The orc warrior barely misses you.
Drink which item? (? for menu, Esc to quit)
It was a potion of resistance.
You feel protected.
The orc warrior hits you from afar with a trident!
* * * LOW HITPOINT WARNING * * *
Drink which item? (? for menu, Esc to quit)
It was a potion of brilliance.
You feel clever all of a sudden.
The orc warrior hits you from afar with a trident!
You die...

.......# #.#..##.########
.......###.#...#.#
.................#
........##.##..#.#############
#####'#.....#..............<.#
# #.#..##.#..>÷#############
###.#..##.#.#.o#
#...........#.§#
#.#.#.......#.@#
#.#.#.####.##..# #.#.#.#
#.##..# #.#.#.# #.##..#
#.#.#.# #.##..# #.#.#.#
#.##..#
#.#.#.####.##..###########
#.#......................#
#.###########..#########.#


You could see an orc warrior.

Vanquished Creatures
  Prince Ribbit (D:6)
  Eustachio (D:5)
  The ghost of Oper80 the Stinger, an average OpVM of Vehumet (D:4)
  A centaur (D:6)
  2 ogres (D:6)
  A phantom (D:5)
  A sky beast (D:6)
  2 giant frogs (D:6)
  A wyvern zombie (D:7)
  A water moccasin skeleton (D:6)
  A scorpion (D:6)
  3 killer bees (D:7)
  2 jellies
  2 crimson imps
  4 orc priests
  2 hounds
  A centaur skeleton (D:7)
  A giant frog skeleton (D:6)
  An orc wizard (D:6)
  4 worker ants
  An iguana (D:6)
  A hound zombie (D:5)
  8 adders
  2 shadow imps (D:6)
  3 adder skeletons
  2 worms
  A giant gecko (D:6)
  10 orcs
  4 ball pythons
  9 bats
  A bat skeleton (D:4)
  A giant cockroach (D:6)
  9 hobgoblins
  6 jackals
  13 kobolds
  6 giant newts
  11 goblins
  3 quokkas
  A quokka skeleton (D:4)
  15 rats
140 creatures vanquished.

Vanquished Creatures (collateral kills)
  A hound (D:5)
  A worker ant (D:4)
  A worm (D:5)
3 creatures vanquished.

Vanquished Creatures (others)
  A quasit (D:7)
  An orc wizard (D:6)
  An ufetubus (D:7)
3 creatures vanquished.

Grand Total: 146 creatures vanquished

Notes
Turn   | Place    | Note
--------------------------------------------------------------
     0 | D:1      | Monkaria the Demonspawn Chaos Knight began the quest for the Orb.
     0 | D:1      | Reached XP level 1. HP: 18/18 MP: 1/1
   243 | D:1      | Gained mutation: Your flesh is cold resistant. [demonic ancestry]
   243 | D:1      | Reached XP level 2. HP: 22/24 MP: 2/2
   433 | D:1      | Reached skill level 4 in Fighting
   582 | D:1      | XOM: mild Necr miscast
   765 | D:2      | Reached XP level 3. HP: 30/30 MP: 3/3
   857 | D:2      | XOM: smoke on damage
  1470 | D:3      | XOM: harmless Necr miscast
  1714 | D:3      | Gained mutation: You are immune to freezing clouds. [demonic ancestry]
  1714 | D:3      | Reached XP level 4. HP: 33/37 MP: 4/4
  2054 | D:4      | XOM: confuse monster(s)
  2198 | D:4      | Reached XP level 5. HP: 27/42 MP: 5/5
  2219 | D:4      | XOM: noise
  2485 | D:4      | XOM: god gift: smoking wooden ring {god gift}
  2486 | D:4      | Got a smoking wooden ring {god gift}
  2487 | D:4      | Identified the ring "Yfostaz" {rF+ Int+4 Slay+3} (Xom gifted it to you on level 4 of the Dungeon)
  2538 | D:4      | XOM: mild Conj miscast
  2719 | D:4      | XOM: vitrification
  2741 | D:4      | Noticed Oper80's ghost (average OpVM)
  2752 | D:5      | Entered Level 5 of the Dungeon
  2928 | D:5      | Noticed Eustachio
  2950 | D:5      | XOM: potion effect (haste)
  2959 | D:5      | Killed Eustachio
  2959 | D:5      | Reached skill level 5 in Long Blades
  2959 | D:5      | Gained mutation: You are surrounded by a mild repulsion field (EV +2). [demonic ancestry]
  2959 | D:5      | Reached XP level 6. HP: 36/48 MP: 6/6
  3037 | D:5      | Found Wefungi's Gadget Boutique.
  3049 | D:5      | Found Jeha's Distillery.
  3059 | D:5      | Bought a potion of curing for 36 gold pieces
  3059 | D:5      | Bought a potion of berserk rage for 60 gold pieces
  3059 | D:5      | Bought a potion of mutation for 30 gold pieces
  3091 | D:5      | Found Ackut's Weapon Shoppe.
  3134 | D:5      | XOM: summons friendly quasit
  3215 | D:5      | Found Plog's Assorted Antiques.
  3218 | D:5      | Bought a viscous cyan potion for 18 gold pieces
  3218 | D:5      | Bought a scroll labeled TETERU FANI for 21 gold pieces
  3218 | D:5      | Bought a scroll of identify for 42 gold pieces
  3234 | D:5      | Noticed a phantom
  3266 | D:5      | Killed a phantom
  3266 | D:5      | Reached skill level 6 in Long Blades
  3495 | D:5      | Reached XP level 7. HP: 54/54 MP: 7/7
  3576 | D:5      | XOM: vitrification
  3643 | D:5      | Found a staircase to the Ecumenical Temple.
  3928 | D:6      | Reached skill level 7 in Long Blades
  4204 | D:6      | XOM: silly message
  4205 | D:6      | Noticed Prince Ribbit
  4212 | D:6      | Reached skill level 8 in Long Blades
  4212 | D:6      | Gained mutation: You have sharp toenails. [demonic ancestry]
  4212 | D:6      | Reached XP level 8. HP: 50/60 MP: 8/8
  4412 | D:6      | XOM: silly message
  4458 | D:6      | XOM: silly message
  4472 | D:6      | XOM: enchant monster (bad)
  4882 | D:6      | XOM: destruction
  4920 | D:6      | XOM: god gift: crude buckler {god gift}
  4921 | D:6      | Got a crude buckler {god gift}
  4928 | D:6      | Reached skill level 9 in Long Blades
  4933 | D:6      | XOM: confuse monster(s)
  4948 | D:6      | Killed Prince Ribbit
  5226 | D:4      | XOM: summons 6 friendly demons
  5238 | D:4      | Killed Oper80's ghost
  5238 | D:4      | Reached skill level 10 in Long Blades
  5273 | D:5      | XOM: scenery: 2 fountains blood, 2 doors open, 3 doors close
  5281 | Temple   | Entered the Ecumenical Temple
  5327 | Temple   | XOM: god gift: knobbly jewelled rod {god gift}
  5469 | D:7      | Identified the +2 buckler "Porghui Rupo" {*Contam rF++ Dex+4} (Xom gifted it to you on level 6 of the Dungeon)
  5508 | D:7      | XOM: swap monsters
  5513 | D:7      | Reached skill level 1 in Shields
  5729 | D:7      | XOM: 1-stop teleportation journey
  5742 | D:7      | XOM: vitrification
  5917 | D:7      | XOM: summons 2 friendly demons
  5923 | D:7      | Gained mutation: You are surrounded by a moderate repulsion field (EV +3). [demonic ancestry]
  5923 | D:7      | Reached XP level 9. HP: 55/65 MP: 9/9
  6164 | D:6      | XOM: colour smoke trail
  6191 | D:6      | XOM: blink monster(s)
  6200 | D:6      | Slain by an orc warrior

Vault maps used:
D:1:      minmay_arrival_loop, minmay_quantized
D:2:      first_bread
D:5:      minmay_temple_entry_hall, serial_shops, nicolae_shop_trees, shop,
          shop_fountains, kennysheep_mini_moat, uniq_eustachio
D:6:      uniq_prince_ribbit1
Temple:   kilobyte_greek_temple_18

Action                   |  1- 3 |  4- 6 |  7- 9 || total
-------------------------+-------+-------+-------++-------
Melee: Falchion          |   165 |   131 |   229 ||   525
Evoke: Wand              |       |     4 |     2 ||     6
  Use: Scroll            |       |    10 |       ||    10
       Potion            |       |       |     7 ||     7
 Stab: Confused          |       |     1 |     5 ||     6
       Paralysed         |       |     2 |     2 ||     4
       Petrifying        |       |       |     1 ||     1
  Eat: Chunk             |     3 |     5 |     9 ||    17
